[Event "Team 45 45 League T23"]
[Site "Internet Chess Club"]
[Date "2004.06.24"]
[Round "3"]
[White "alastorx"]
[Black "fish1800"]
[Result "1/2-1/2"]
[WhiteElo "1838"]
[BlackElo "1907"]
[TimeControl "2700+45"]

1. d4 d5 2. Nf3 Nf6 3. e3 Bf5 4. c4 e6 5. Nc3 c6 6. Nh4 Bg4 7. Qb3 Qb6 8. f3 Bh5
9. g4 Bg6 10. Nxg6 hxg6 11. Bd2 Nbd7 12. O-O-O Qxb3 13. axb3 Bb4 14. Bd3 a5 15.
Kc2 O-O-O 16. e4 dxe4 17. Nxe4 Nxe4 18. Bxe4 Bxd2 {Game drawn by mutual
agreement} 1/2-1/2

[Event "Team 45 45 League T23"]
[Site "Internet Chess Club"]
[Date "2004.06.27"]
[Round "3"]
[White "kels-k"]
[Black "Egmont"]
[Result "1-0"]
[WhiteElo "1747"]
[BlackElo "1725"]
[TimeControl "2700+45"]

1. d4 f5 2. g3 Nf6 3. Bg2 e6 4. Nc3 Be7 5. h4 d6 6. Nh3 Nbd7 7. e4 fxe4 8. Nxe4
O-O 9. Nhg5 Nxe4 10. Nxe6 Nxf2 11. Qe2 Qe8 12. Nxf8 Nxh1 13. Nxd7 Nxg3 14. Nf6+
gxf6 15. Bd5+ Kh8 16. Qf3 Bd8+ 17. Kf2 Nf5 18. c3 c6 19. Bb3 Nxh4 20. Qf4 Qh5
21. Bd2 Qf5 22. Re1 Bd7 23. Rh1 Qxf4+ 24. Bxf4 Nf5 25. Bf7 Kg7 26. Bh5 Be6 27.
Rg1+ Kh8 28. Rh1 Ne7 29. Bxd6 Bf5 30. Re1 Ng6 31. Re8+ Kg7 32. Bc7 Nf4 33. Bxf4
Bd7 34. Re1 Bb6 35. Re7+ {Black resigns} 1-0

[Event "Team 45 45 League T23"]
[Site "Internet Chess Club"]
[Date "2004.06.28"]
[Round "3"]
[White "jorobo"]
[Black "JustinSane"]
[Result "1/2-1/2"]
[WhiteElo "2249"]
[BlackElo "2138"]
[TimeControl "2700+45"]

1. c4 Nf6 2. Nc3 d5 3. cxd5 Nxd5 4. g3 g6 5. Bg2 Nb6 6. d3 Bg7 7. Be3 N8d7 8.
Qc1 h5 9. h4 Ne5 10. Nh3 c6 11. O-O Bf5 12. Ng5 a5 13. Qd1 a4 14. Rc1 O-O 15.
Bxb6 Qxb6 16. Nxa4 Qb4 17. b3 b5 18. Nc3 Nxd3 19. exd3 Bxc3 20. Qc2 Bd4 21. Bxc6
Rac8 22. Qe2 Qd6 23. Qf3 Bxd3 24. Rfd1 Bf5 25. Bxb5 Bg4 26. Qd3 Bxd1 27. Rxd1
Be5 28. Qxd6 Bxd6 29. Bc4 Rc7 30. a4 Bb4 31. Kf1 e6 32. Ke2 Ra8 33. Rd4 Be7 34.
Ne4 Kg7 35. Nc3 Bf6 36. Rd3 Bxc3 37. Rxc3 Kf6 38. Rd3 Ke5 39. Ke3 Raa7 40. Rd4
Rc6 41. Kd3 f6 42. Re4+ Kf5 43. Rf4+ Ke5 44. Re4+ Kf5 45. Rf4+ Ke5 46. Re4+ Kf5
47. f3 g5 48. g4+ Kg6 49. gxh5+ Kxh5 50. hxg5 Kxg5 51. Rxe6 Rd7+ 52. Ke4 f5+ 53.
Ke3 Rxe6+ 54. Bxe6 Re7 55. Kd4 Rxe6 56. a5 Kf4 57. b4 Kxf3 58. b5 Re1 59. b6 Rb1
60. Kc5 Rc1+ 61. Kd6 Rb1 62. Kc7 Ke3 63. a6 f4 64. b7 f3 65. a7 Rxb7+ 66. Kxb7
f2 67. a8=Q f1=Q {Game drawn by mutual agreement} 1/2-1/2

[Event "Team 45 45 League T23"]
[Site "Internet Chess Club"]
[Date "2004.06.26"]
[Round "3"]
[White "shadow-master"]
[Black "softbunney"]
[Result "0-1"]
[WhiteElo "2112"]
[BlackElo "2190"]
[TimeControl "2700+45"]

1. c4 c6 2. Nf3 d5 3. d4 e6 4. g3 Nf6 5. Bg2 Be7 6. O-O O-O 7. Qc2 Nbd7 8. Nbd2
b6 9. e4 dxe4 10. Nxe4 Nxe4 11. Qxe4 Ba6 12. Ne5 Nxe5 13. dxe5 Rc8 14. Be3 Qc7
15. f4 f5 16. exf6 Bxf6 17. Rf2 e5 18. f5 Rfd8 19. Rd2 Rxd2 20. Bxd2 Qd6 21. Bc3
Qc5+ 22. Kh1 Qxc4 23. Re1 Qxe4 24. Rxe4 Bd3 25. Ra4 a5 26. g4 Kf7 27. Kg1 Ke7
28. Kf2 Kd6 29. Ke3 Bc2 30. b3 Bg5+ 31. Ke2 Bf4 32. h4 Bg3 33. Kd2 Bb1 34. Kc1
Bd3 35. Kd2 Bb5 36. Re4 Re8 37. g5 c5 38. Rg4 Bf4+ 39. Ke1 Bd7 40. Be4 g6 {White
resigns} 0-1

[Event "Team 45 45 League T23"]
[Site "Internet Chess Club"]
[Date "2004.06.28"]
[Round "3"]
[White "Unbeliever"]
[Black "GhostMate"]
[Result "1-0"]
[WhiteElo "1962"]
[BlackElo "1730"]
[TimeControl "2700+45"]

1. e4 c5 2. d3 d6 3. g3 Nf6 4. Bg2 Nc6 5. c3 g6 6. h3 Bg7 7. Be3 Qc7 8. Qd2 O-O
9. Na3 a6 10. Ne2 b5 11. O-O Bb7 12. Rac1 Rfd8 13. f4 Rac8 14. g4 Qb8 15. Ng3 b4
16. Nc2 b3 17. axb3 Na5 18. Na1 Ba8 19. b4 cxb4 20. cxb4 Nc6 21. Nc2 Nd7 22. d4
Nb6 23. b3 Rd7 24. d5 Na7 25. Nd4 Rdc7 26. Nge2 Nd7 27. Rxc7 Rxc7 28. Rc1 Qc8
29. Rxc7 Qxc7 30. Nc3 Qb8 31. Na4 Nb5 32. Nb2 Qb6 33. Nc4 Qc7 34. Bf1 Nxd4 35.
Bxd4 f5 36. gxf5 Bxd4+ 37. Qxd4 gxf5 38. e5 dxe5 39. fxe5 Nf6 40. exf6 Qg3+ 41.
Bg2 exf6 42. Qe3 {Black forfeits on time} 1-0

[Event "Team 45 45 League T23"]
[Site "Internet Chess Club"]
[Date "2004.06.28"]
[Round "3"]
[White "Zolbalus"]
[Black "CraigCKlein"]
[Result "1/2-1/2"]
[WhiteElo "1809"]
[BlackElo "1767"]
[TimeControl "2700+45"]

1. c4 e5 2. g3 Nf6 3. Bg2 c6 4. d4 exd4 5. Qxd4 Be7 6. Nf3 O-O 7. O-O d5 8. cxd5
Nxd5 9. Nc3 Bf6 10. Qc4 Nxc3 11. bxc3 Be6 12. Qb4 Na6 13. Qxb7 Nc5 14. Qb4 Na6
15. Qa4 Nc5 16. Qxc6 Rc8 17. Qb5 Bxc3 18. Rb1 Bxa2 19. Ba3 Bxb1 20. Bxc5 Bd3 21.
exd3 Qd5 22. d4 Bxd4 23. Nxd4 Qxc5 24. Qxc5 Rxc5 25. Ra1 g6 26. Rxa7 Rc1+ 27.
Bf1 Rd8 28. Ra4 Re8 29. Kg2 Ree1 30. Bc4 Re4 31. Bd3 Re7 32. Ne2 Rcc7 33. Rc4
Rcd7 34. Nf4 Kg7 35. h4 Re5 36. Kf3 Ra5 37. Re4 Ra3 38. Re3 Raa7 39. Bb5 Rdb7
40. Bc6 Rc7 41. Bd5 Rd7 42. Rd3 Ra4 43. Be4 Re7 {Game drawn by mutual agreement}
1/2-1/2

[Event "Team 45 45 League T23"]
[Site "Internet Chess Club"]
[Date "2004.06.28"]
[Round "3"]
[White "Catalog"]
[Black "fledermaus"]
[Result "1-0"]
[WhiteElo "2156"]
[BlackElo "1974"]
[TimeControl "2700+45"]

1. c4 e5 2. Nc3 Nc6 3. Nf3 g6 4. d4 exd4 5. Nxd4 Bg7 6. Nxc6 bxc6 7. Qc2 d6 8.
g3 Ne7 9. Bg2 O-O 10. O-O Be6 11. b3 Qd7 12. Rd1 Rad8 13. Ba3 Bh3 14. Bh1 Qe6
15. Rd3 Nf5 16. e3 Rfe8 17. Bxc6 Nd4 18. Rxd4 Bxd4 19. Bb2 Bg7 20. Bxe8 Rxe8 21.
Nd5 Bxb2 22. Qxb2 Qe4 23. Nf6+ {Black resigns} 1-0

[Event "Team 45 45 League T23"]
[Site "Internet Chess Club"]
[Date "2004.06.26"]
[Round "3"]
[White "Pawntastic"]
[Black "TheDwarf"]
[Result "0-1"]
[WhiteElo "1720"]
[BlackElo "1863"]
[TimeControl "2700+45"]

1. e4 e5 2. Nf3 Nc6 3. Bc4 Nf6 4. d4 exd4 5. e5 Bb4+ 6. c3 dxc3 7. bxc3 Qe7 8.
cxb4 Qxb4+ 9. Bd2 Qxc4 10. exf6 O-O 11. fxg7 Re8+ 12. Be3 Nb4 13. Kd2 d6 14. Qb3
Qxb3 15. axb3 Be6 16. Nd4 a5 17. Nxe6 fxe6 18. Nc3 b6 19. Rhe1 e5 20. Nb5 Re7
21. Rec1 c5 22. f3 Rxg7 23. g3 Rd8 24. Ke2 d5 25. Bd2 Nc6 26. Nc3 Nd4+ {White
resigns} 0-1

[Event "Team 45 45 League T23"]
[Site "Internet Chess Club"]
[Date "2004.06.28"]
[Round "3"]
[White "Winclick"]
[Black "jimul"]
[Result "1-0"]
[WhiteElo "1747"]
[BlackElo "1628"]
[TimeControl "2700+45"]

1. e4 e6 2. d4 d5 3. exd5 exd5 4. c4 c6 5. Nc3 Nf6 6. Nf3 h6 7. Bd3 Bg4 8. O-O
Be7 9. Re1 O-O 10. Bf4 Bd6 11. Be5 dxc4 12. Bxc4 Bxe5 13. dxe5 Nfd7 14. e6 fxe6
15. Bxe6+ Bxe6 16. Rxe6 Rf6 17. Rxf6 Qxf6 18. Qb3+ Qf7 19. Qxb7 Nb6 20. Qxf7+
Kxf7 21. Ne5+ Kf6 22. f4 Nd5 23. Nxd5+ cxd5 24. g4 g5 25. Nd3 Nc6 26. f5 Re8 27.
Kf2 a5 28. Re1 Re7 29. Rxe7 Kxe7 30. Ke3 Kf6 31. a3 a4 32. h3 d4+ 33. Ke4 Ke7
34. Nc5 Kd6 35. Nxa4 Kc7 36. Nc5 Kb6 37. Ne6 Ka5 38. Nxd4 {Black resigns} 1-0

[Event "Team 45 45 League T23"]
[Site "Internet Chess Club"]
[Date "2004.06.25"]
[Round "3"]
[White "DaveTheRook"]
[Black "claymil"]
[Result "0-1"]
[WhiteElo "1660"]
[BlackElo "1658"]
[TimeControl "2700+45"]

1. Nf3 d5 2. b3 Nf6 3. Bb2 e6 4. e3 c5 5. Be2 Nc6 6. O-O g6 7. d4 cxd4 8. exd4
Bg7 9. Re1 O-O 10. Nbd2 b6 11. Bb5 Bb7 12. Ba3 Ne7 13. Ne5 a6 14. Bd3 Qc7 15.
Qf3 Rfe8 16. Qe3 Nf5 17. Bxf5 exf5 18. Qd3 Ne4 19. f4 f6 20. Nef3 Qxf4 21. c4
Rac8 22. Rad1 g5 23. Rf1 Qc7 24. Rc1 Qd7 25. c5 bxc5 26. dxc5 Qb5 27. Qxb5 axb5
28. Nd4 Nxd2 29. Rxf5 Re5 30. Rxe5 fxe5 31. Nxb5 Bc6 32. Nd6 Ra8 33. Bb2 Rxa2
34. Rc2 Nxb3 {White resigns} 0-1

[Event "Team 45 45 League T23"]
[Site "Internet Chess Club"]
[Date "2004.06.29"]
[Round "3"]
[White "hondocando"]
[Black "thetexan"]
[Result "0-1"]
[WhiteElo "1583"]
[BlackElo "1612"]
[TimeControl "2700+45"]

1. e4 e5 2. Nf3 Nf6 3. Nxe5 d6 4. Nf3 Nxe4 5. d4 d5 6. Bd3 Bd6 7. Qe2 Qe7 8. O-O
O-O 9. Re1 Re8 10. c4 Nf6 11. Bg5 Qxe2 12. Rxe2 Rxe2 13. Bxe2 dxc4 14. Bxf6 gxf6
15. Bxc4 Be6 16. Bxe6 fxe6 17. Nc3 Nd7 18. Rc1 a6 19. Ne4 Bf4 20. Rc2 f5 21.
Neg5 Re8 22. g3 Bxg5 23. Nxg5 c6 24. Re2 Nf8 25. f4 h6 26. Nf3 Nd7 27. Kf2 Kf7
28. Ke3 Rd8 29. Rd2 Nb6 30. Ne5+ Ke7 31. h3 Nd5+ 32. Ke2 Rg8 33. Rd3 Kd6 34. h4
h5 35. a4 Rg7 36. a5 Nf6 37. Kf2 Kd5 38. Kg2 Ke4 39. Rd1 Rg8 40. Nf3 Rd8 41. Kf2
Kd5 42. b3 Ne4+ 43. Kg2 Nc3 44. Rd3 Nb5 45. Kf2 Kd6 46. Ne5 Ke7 47. Ke3 Rd5 48.
b4 Nc7 49. Rb3 Rd8 50. Rb1 Rg8 51. Kf3 Nd5 52. Rb3 Nf6 53. Kg2 Rg7 54. Nf3 Kd6
55. Ng5 Kd5 56. Kf3 Re7 57. Ke3 Kc4 58. Rb1 Ng4+ 59. Kf3 Kxd4 60. Re1 Kc4 61.
Rxe6 Rxe6 62. Nxe6 Kxb4 63. Ng7 c5 64. Nxf5 c4 65. Ke2 Kxa5 66. Ng7 Nf6 67. Nxh5
Nxh5 68. g4 Nxf4+ 69. Kd2 Kb4 70. h5 Kb3 71. h6 Ng6 72. g5 Kb2 73. h7 c3+ 74.
Kd3 c2 75. Ke4 c1=Q 76. Kf5 Qc6 77. Kg4 a5 78. Kh5 a4 79. Kh6 a3 80. Kg7 a2 81.
h8=Q Nxh8 82. Kxh8 Qe8+ 83. Kh7 Qe7+ 84. Kh6 Qxg5+ 85. Kxg5 {White resigns} 0-1

[Event "Team 45 45 League T23"]
[Site "Internet Chess Club"]
[Date "2004.06.24"]
[Round "3"]
[White "joshtournman"]
[Black "PatrookMcKnight"]
[Result "0-1"]
[WhiteElo "1612"]
[BlackElo "1603"]
[TimeControl "2700+45"]

1. e4 e5 2. Nf3 Nc6 3. Bc4 Bc5 4. O-O Nf6 5. Nc3 d6 6. h3 a6 7. a4 O-O 8. d3 h6
9. Re1 Nd4 10. Nxd4 Bxd4 11. Be3 Bxe3 12. Rxe3 Be6 13. Nd5 Nxd5 14. Bxd5 Bxd5
15. exd5 f5 16. g3 f4 17. Rf3 Qg5 18. Kh1 fxg3 19. fxg3 Rxf3 20. Qxf3 Rf8 21.
Qg2 Qe3 22. Rf1 Rxf1+ 23. Qxf1 Qxg3 24. Qg2 Qxg2+ 25. Kxg2 g5 26. Kg3 Kg7 27. c3
h5 28. b4 Kf6 29. Kf3 Kf5 30. c4 g4+ 31. hxg4+ hxg4+ 32. Kg3 e4 33. d4 e3 34. c5
Ke4 35. cxd6 cxd6 {White resigns} 0-1

[Event "Team 45 45 League T23"]
[Site "Internet Chess Club"]
[Date "2004.06.27"]
[Round "3"]
[White "Lothar"]
[Black "sdcohle"]
[Result "1-0"]
[WhiteElo "1512"]
[BlackElo "1322"]
[TimeControl "2700+45"]

1. d4 Nf6 2. c4 g6 3. Nc3 Bg7 4. e4 d6 5. f3 O-O 6. Be3 c6 7. Qd2 Re8 8. O-O-O
Na6 9. h3 b6 10. g4 Bb7 11. Nge2 Nc7 12. Ng3 Ba6 13. g5 b5 14. gxf6 exf6 15. h4
bxc4 16. h5 d5 17. hxg6 fxg6 18. Bh6 Qd7 19. Qh2 Re7 20. Kb1 Ne6 21. f4 Nxf4 22.
Bxf4 Bh8 23. Bh3 Qb7 24. Bd6 Rg7 25. Rdf1 Rd8 26. Be6+ Rf7 27. Qxh7# {Black
checkmated} 1-0

[Event "Team 45 45 League T23"]
[Site "Internet Chess Club"]
[Date "2004.06.26"]
[Round "3"]
[White "Chess2Play"]
[Black "rph"]
[Result "0-1"]
[WhiteElo "1696"]
[BlackElo "1752"]
[TimeControl "2700+45"]

1. d4 Nf6 2. c4 e5 3. dxe5 Ng4 4. e4 Bb4+ 5. Bd2 Bxd2+ 6. Nxd2 Nxe5 7. f4 Ng6 8.
g3 b6 9. Ngf3 Qe7 10. Bd3 Bb7 11. O-O O-O 12. Qe2 d6 13. Nd4 Nd7 14. Nf5 Qe6 15.
Nxg7 Kxg7 16. f5 Qe5 17. Nf3 Qc5+ 18. Qf2 Qxf2+ 19. Rxf2 Nge5 20. Nxe5 Nxe5 21.
f6+ Kh8 22. Bc2 Nxc4 23. Rf4 Rae8 24. e5 Nxe5 25. Re1 Nf3+ 26. Rxf3 Bxf3 27. Rf1
Be4 28. Bb3 Bg6 29. Rc1 c5 30. Rd1 Rd8 31. Rd5 Rfe8 32. Ba4 Re5 33. Rd1 d5 34.
a3 a6 35. b4 b5 36. Bb3 c4 37. Ba2 Re2 38. a4 Rxa2 39. axb5 axb5 40. Re1 Be4
{White resigns} 0-1

[Event "Team 45 45 League T23"]
[Site "Internet Chess Club"]
[Date "2004.06.28"]
[Round "3"]
[White "crankn8tr"]
[Black "Xidnan"]
[Result "0-1"]
[WhiteElo "1554"]
[BlackElo "1616"]
[TimeControl "2700+45"]

1. e4 c5 2. Nf3 Nc6 3. d4 cxd4 4. Nxd4 g6 5. c4 Bg7 6. Be3 Nf6 7. Nc3 d6 8. f3
O-O 9. Qd2 Nxd4 10. Bxd4 Bd7 11. Be2 a6 12. h4 Qa5 13. g4 b5 14. h5 bxc4 15.
hxg6 fxg6 16. Bxc4+ e6 17. O-O-O Rac8 18. Bb3 Rfe8 19. g5 Nh5 20. Rxh5 gxh5 21.
Bf6 Ba4 22. Bxg7 Bxb3 23. axb3 Kxg7 24. Qd4+ e5 25. Qe3 Red8 26. f4 exf4 27.
Qd4+ Qe5 28. Qxe5+ dxe5 29. Rxd8 Rxd8 30. Nd5 f3 31. Kd2 Kf7 32. Ke3 Rxd5 33.
exd5 Ke7 34. Kxf3 Kd6 35. Kg3 Kxd5 36. Kh4 e4 37. Kxh5 e3 38. Kh6 e2 39. Kxh7
e1=Q 40. g6 Qh4+ 41. Kg7 Ke6 42. b4 Kf5 43. b5 Qf6+ 44. Kh7 Qxg6+ 45. Kh8 Kf6
46. bxa6 Qg7# {White checkmated} 0-1

[Event "Team 45 45 League T23"]
[Site "Internet Chess Club"]
[Date "2004.06.28"]
[Round "3"]
[White "mitdale"]
[Black "GenghisKhan"]
[Result "1-0"]
[WhiteElo "1788"]
[BlackElo "1313"]
[TimeControl "2700+45"]

1. e4 e5 2. Nf3 Nc6 3. Bb5 d6 4. d4 Bg4 5. d5 a6 6. Bxc6+ bxc6 7. dxc6 Ne7 8. h3
Bh5 9. Be3 Nxc6 10. c3 Be7 11. Nbd2 O-O 12. O-O f5 13. Qc2 f4 14. Rfe1 fxe3 15.
Rxe3 Bxf3 16. Nxf3 Bg5 17. Rd3 Bf4 18. Rdd1 Ne7 19. g3 Bh6 20. Nxe5 Qe8 21. Ng4
Bg5 22. Qd3 h5 23. Nh2 Qf7 24. Rf1 Ng6 25. f4 Be7 26. b3 h4 27. f5 Ne5 28. Qe3
hxg3 29. Qxg3 Bf6 30. Ng4 Nxg4 31. hxg4 Bxc3 32. Qxc3 c5 33. Rad1 Rae8 34. Qd3
Rd8 35. Qd5 Rfe8 36. Qxf7+ Kxf7 37. Rfe1 Kf6 38. Kg2 Kg5 39. Kf3 Rh8 40. Rh1 Kf6
41. Rxh8 Rxh8 42. Rxd6+ Ke7 43. Rxa6 Rc8 44. Kf4 Kd7 45. Ra7+ Ke8 46. Rxg7 c4
{Black resigns} 1-0

[Event "Team 45 45 League T23"]
[Site "Internet Chess Club"]
[Date "2004.06.26"]
[Round "3"]
[White "CrumblingCastle"]
[Black "Garry"]
[Result "0-1"]
[WhiteElo "1432"]
[BlackElo "1482"]
[TimeControl "2700+45"]

1. e4 e5 2. Nf3 Nc6 3. Bb5 a6 4. Bxc6 dxc6 5. Nxe5 Qd4 6. Ng4 Qxe4+ 7. Ne3 Bc5
8. d3 Qg6 9. h3 Nf6 10. Nc3 Bxe3 11. fxe3 Qxg2 12. Rf1 Bxh3 13. Rf2 Qg1+ 14. Ke2
Bg4+ 15. Rf3 {White resigns} 0-1

[Event "Team 45 45 League T23"]
[Site "Internet Chess Club"]
[Date "2004.06.27"]
[Round "3"]
[White "CLACTON"]
[Black "trikmamak"]
[Result "1-0"]
[WhiteElo "2169"]
[BlackElo "2146"]
[TimeControl "2700+45"]

1. e4 c5 2. Nf3 Nc6 3. c4 g6 4. d4 cxd4 5. Nxd4 Bg7 6. Be3 Nf6 7. Nc3 O-O 8. Be2
a6 9. h3 d6 10. O-O Qc7 11. Rc1 Bd7 12. b3 Rac8 13. f4 Rfd8 14. Nd5 Nxe4 15.
Nxc7 Rxc7 16. Nxc6 Bxc6 17. Bf3 Rcd7 18. Bb6 Rc8 19. Re1 f5 20. Bxe4 Bxe4 21.
Rxe4 fxe4 22. Qd5+ Kh8 23. Re1 Rc6 24. Bd4 {Black resigns} 1-0

[Event "Team 45 45 League T23"]
[Site "Internet Chess Club"]
[Date "2004.06.27"]
[Round "3"]
[White "Poet-Laureate"]
[Black "boffin"]
[Result "0-1"]
[WhiteElo "1844"]
[BlackElo "1964"]
[TimeControl "2700+45"]

1. d4 Nf6 2. Nf3 b6 3. Nc3 Bb7 4. e3 e6 5. a3 d5 6. Be2 c5 7. O-O Nbd7 8. Bb5 a6
9. Bxd7+ Nxd7 10. Ne2 Bd6 11. c3 O-O 12. Qc2 Rc8 13. Ng3 f5 14. Qd1 Qe8 15. Ne2
h6 16. Nf4 g5 17. Nd3 Kh7 18. Nfe5 Bxe5 19. Nxe5 Nxe5 20. dxe5 Qg6 21. Qe2 Rg8
22. f3 Qg7 23. f4 gxf4 24. exf4 d4 25. Rf2 d3 26. Qd2 c4 27. g3 Qd7 28. Qe3 Qd5
29. Rd2 Qh1+ 30. Kf2 Qxh2+ 31. Ke1 Qxg3+ 32. Qxg3 Rxg3 33. Rf2 Rcg8 34. Kd2 Rg2
35. Rxg2 Rxg2+ 36. Ke3 Rg1 37. b3 b5 38. bxc4 bxc4 39. Rb1 Bd5 40. Kf2 d2 {White
resigns} 0-1

[Event "Team 45 45 League T23"]
[Site "Internet Chess Club"]
[Date "2004.06.27"]
[Round "3"]
[White "MikkoN"]
[Black "Pastpawn"]
[Result "1/2-1/2"]
[WhiteElo "1921"]
[BlackElo "2034"]
[TimeControl "2700+45"]

1. c4 e5 2. g3 Nf6 3. Bg2 c6 4. d4 exd4 5. Qxd4 d5 6. cxd5 cxd5 7. Nf3 Nc6 8.
Qa4 Bc5 9. O-O O-O 10. Bg5 h6 11. Bxf6 Qxf6 12. Nc3 Be6 13. Ne1 Rfd8 14. Nd3 Bb6
15. Nf4 Rac8 16. Ncxd5 Bxd5 17. Nxd5 Qxb2 18. Nxb6 axb6 19. e3 Rd2 20. Rab1 Qxa2
21. Qxa2 Rxa2 22. Rxb6 Na5 23. Bxb7 Rb8 24. Rfb1 Rxb7 25. Rxb7 Nxb7 26. Rxb7 h5
27. h3 g6 28. Kg2 Kg7 29. g4 hxg4 30. hxg4 g5 31. Kg3 Kg6 32. f4 gxf4+ 33. exf4
Ra1 34. Rb6+ Kg7 35. Kh4 Ra5 36. f5 f6 37. Kh5 Ra7 38. g5 fxg5 39. Kxg5 Kf7 40.
Rb5 Rc7 {Game drawn by mutual agreement} 1/2-1/2

[Event "Team 45 45 League T23"]
[Site "Internet Chess Club"]
[Date "2004.06.27"]
[Round "3"]
[White "A-Ru"]
[Black "Mika91"]
[Result "1/2-1/2"]
[WhiteElo "1929"]
[BlackElo "1834"]
[TimeControl "2700+45"]

1. d4 d5 2. Nf3 Nf6 3. c4 c6 4. cxd5 cxd5 5. Nc3 Nc6 6. Bf4 Bf5 7. e3 e6 8. Bb5
Nd7 9. O-O Be7 10. Qa4 g5 11. Bg3 h5 12. h3 g4 13. hxg4 hxg4 14. Ne5 Ncxe5 15.
Bxe5 f6 16. Bg3 Rh7 17. Rac1 a6 18. Bxd7+ Qxd7 19. Qxd7+ Kxd7 20. Na4 Rah8 21.
f3 gxf3 22. Rc7+ Ke8 23. gxf3 Rg8 24. Kf2 Rhg7 25. Rg1 Bb4 26. Rc8+ Kf7 27. Rc7+
Ke8 28. Rxg7 Rxg7 29. Rc1 Bd2 30. Rc8+ Kf7 31. Bd6 Kg6 32. a3 e5 {Game drawn by
mutual agreement} 1/2-1/2

[Event "Team 45 45 League T23"]
[Site "Internet Chess Club"]
[Date "2004.06.25"]
[Round "3"]
[White "Bennie90"]
[Black "DirkPlenty"]
[Result "1-0"]
[WhiteElo "1925"]
[BlackElo "2011"]
[TimeControl "2700+45"]

1. d4 Nf6 2. c4 e6 3. Nc3 Bb4 4. f3 d5 5. a3 Bxc3+ 6. bxc3 b6 7. Bg5 Bb7 8. Qa4+
Qd7 9. Qxd7+ Nbxd7 10. cxd5 exd5 11. e3 O-O 12. c4 Rac8 13. cxd5 Nxd5 14. e4
Rfe8 15. Kd2 N5f6 16. Ne2 Rxe4 17. Bxf6 Rxe2+ 18. Bxe2 Nxf6 19. Rac1 Kf8 20.
Rhe1 Nd5 21. Bc4 c6 22. Bxd5 cxd5 23. Rxc8+ Bxc8 24. Rc1 Ba6 25. Rc7 Bc4 26.
Rxa7 g6 27. a4 Bb3 28. Kc3 Bd1 29. Kb4 Be2 30. Rb7 {Black resigns} 1-0

[Event "Team 45 45 League T23"]
[Site "Internet Chess Club"]
[Date "2004.06.25"]
[Round "3"]
[White "jongalt97"]
[Black "Laato"]
[Result "0-1"]
[WhiteElo "1815"]
[BlackElo "1752"]
[TimeControl "2700+45"]

1. d4 d5 2. c4 c6 3. cxd5 cxd5 4. Nf3 Nf6 5. Nc3 Nc6 6. Bf4 Bf5 7. e3 e6 8. Ne5
Nxe5 9. Bxe5 a6 10. a3 Be7 11. Be2 O-O 12. g4 Be4 13. Rg1 Rc8 14. g5 Nd7 15. h4
Nxe5 16. dxe5 Qc7 17. f4 Qb6 18. Qd2 Rfd8 19. Rg3 Bf5 20. Rd1 Qc5 21. Qd4 b5 22.
Qxc5 Rxc5 23. Bd3 Bxd3 24. Rxd3 Rdc8 25. e4 dxe4 26. Nxe4 Rc1+ 27. Ke2 R1c2+ 28.
Rd2 Rxd2+ 29. Kxd2 Kf8 30. Nd6 Bxd6 31. exd6 Ke8 32. Rd3 Kd7 33. Rc3 Rxc3 34.
Kxc3 Kxd6 35. Kb4 h6 36. a4 hxg5 37. hxg5 f6 38. axb5 axb5 39. Kxb5 fxg5 40.
fxg5 Kd5 41. Kb4 Kd4 42. Kb3 Kd3 43. Ka4 e5 44. b4 e4 45. b5 e3 46. b6 e2 47. b7
e1=Q 48. b8=Q Qa1+ {White resigns} 0-1

[Event "Team 45 45 League T23"]
[Site "Internet Chess Club"]
[Date "2004.06.26"]
[Round "3"]
[White "Knight77"]
[Black "Biggie"]
[Result "0-1"]
[WhiteElo "1800"]
[BlackElo "1975"]
[TimeControl "2700+45"]

1. d4 d5 2. c4 c6 3. Nf3 Nf6 4. Nc3 e6 5. Bg5 h6 6. Bh4 dxc4 7. e4 b5 8. e5 g5
9. Nxg5 hxg5 10. Bxg5 Nbd7 11. Qf3 Bb7 12. Ne4 Bb4+ 13. Nc3 Rh5 14. Bxf6 Nxf6
15. Qxf6 Qxd4 16. Qf3 O-O-O 17. Rd1 Rxe5+ 18. Be2 Qxd1# {White checkmated} 0-1

[Event "Team 45 45 League T23"]
[Site "Internet Chess Club"]
[Date "2004.06.26"]
[Round "3"]
[White "ipack"]
[Black "Pilgrim"]
[Result "0-1"]
[WhiteElo "1633"]
[BlackElo "1600"]
[TimeControl "2700+45"]

1. e4 c5 2. d4 cxd4 3. c3 d3 4. Bxd3 Nc6 5. Nf3 d6 6. O-O Nf6 7. Bg5 Ng4 8. Bc4
Nge5 9. Nxe5 Nxe5 10. Bb3 h6 11. Bf4 Qc7 12. Bxe5 dxe5 13. Ba4+ Bd7 14. Bxd7+
Qxd7 15. Qxd7+ Kxd7 16. Rd1+ Kc7 17. a4 e6 18. b4 Be7 19. Na3 a6 20. Rd2 b5 21.
Rad1 Kc6 22. a5 f5 23. exf5 exf5 24. Rd5 Rhd8 25. Rxd8 Rxd8 26. Rxd8 Bxd8 27.
Kf1 e4 28. Ke2 Bf6 29. Nb1 Kd5 30. Ke3 Be5 31. g3 g5 32. f4 Bf6 33. Kd2 gxf4 34.
gxf4 Bh4 35. Ke2 Bf6 36. Kd2 h5 37. Na3 Kc6 38. Nb1 Kd5 39. Ke3 Kc4 40. Kd2 Kb3
41. Kc1 Bxc3 42. Nxc3 Kxc3 43. h4 Kxb4 44. Kc2 Kxa5 45. Kc3 b4+ 46. Kb3 Kb5 47.
Kc2 a5 48. Kb3 a4+ 49. Ka2 Kc4 50. Kb2 a3+ 51. Kc2 b3+ 52. Kb1 Kc3 53. Ka1 Kd2
54. Kb1 e3 {White resigns} 0-1

[Event "Team 45 45 League T23"]
[Site "Internet Chess Club"]
[Date "2004.06.28"]
[Round "3"]
[White "fibin"]
[Black "SandiaCaveMan"]
[Result "1-0"]
[WhiteElo "1499"]
[BlackElo "1321"]
[TimeControl "2700+45"]

1. d4 d5 2. c4 Nf6 3. Nc3 g6 4. e3 Bg7 5. Nf3 O-O 6. c5 c6 7. Bd3 Re8 8. O-O
Nbd7 9. b4 e5 10. dxe5 Nxe5 11. Nxe5 Rxe5 12. Bb2 Re7 13. Ne2 Bg4 14. h3 Bd7 15.
Ng3 Ne4 16. Bxg7 Kxg7 17. Bxe4 dxe4 18. Qd4+ Kg8 19. Nxe4 Re6 20. Rad1 Re7 21.
Nf6+ Kf8 22. Nxd7+ Rxd7 23. Qxd7 {Black resigns} 1-0

[Event "Team 45 45 League T23"]
[Site "Internet Chess Club"]
[Date "2004.06.30"]
[Round "3"]
[White "Koronin"]
[Black "GoIrish"]
[Result "0-1"]
[WhiteElo "1640"]
[BlackElo "1608"]
[TimeControl "2700+45"]

1. e4 d6 2. d4 Nf6 3. Nc3 g6 4. Be3 Bg7 5. Nge2 O-O 6. Ng3 e5 7. d5 Nbd7 8. Be2
Nb6 9. O-O Ne8 10. f3 f5 11. Bd2 f4 12. Nh1 h5 13. Nf2 Nf6 14. h3 Nh7 15. Be1
Bd7 16. Kh2 h4 17. Rh1 Nf6 18. Kg1 Nh5 19. Ng4 Qg5 20. Bf2 Kf7 21. Qe1 Ng3 22.
Bxg3 hxg3 23. Qd2 Rh8 24. b3 Raf8 25. Rf1 Rh4 26. Qd1 Ke7 27. Nb1 Bxg4 28. fxg4
f3 29. Rxf3 Rxf3 30. Bxf3 Qe3+ 31. Kf1 Qf2# {White checkmated} 0-1

[Event "Team 45 45 League T23"]
[Site "Internet Chess Club"]
[Date "2004.06.28"]
[Round "3"]
[White "Lizaveta"]
[Black "BenjaminSisko"]
[Result "0-1"]
[WhiteElo "1547"]
[BlackElo "1588"]
[TimeControl "2700+45"]

1. e4 e5 2. Nf3 Nc6 3. Nc3 Nf6 4. Bb5 a6 5. Bxc6 dxc6 6. Nxe5 Nxe4 7. Nxe4 Qd4
8. O-O Qxe5 9. d4 Qf5 10. Re1 Be7 11. Bg5 f6 12. Bd2 O-O 13. Ng3 Qd7 14. c3 c5
15. Be3 cxd4 16. Bxd4 Bd6 17. Qb3+ Qf7 18. Qc2 b6 19. Qe4 Rb8 20. Qd3 c5 21. Be3
Be5 22. h3 Bb7 23. Kh2 Rfd8 24. Qe2 Qd5 25. f3 Qd6 26. Rad1 Bxg3+ 27. Kh1 Qc7
28. Rxd8+ Rxd8 29. Rg1 Re8 30. Qc4+ Kh8 31. Bd2 Qe5 32. Qg4 Bf2 33. Rc1 Bc8 34.
Qc4 b5 35. Qd3 c4 36. Qf1 Qe2 37. Qxe2 Rxe2 38. Rd1 Bf5 39. Bf4 Bd3 40. Bd2 Bc2
{White resigns} 0-1